 Dungeon Crawl Stone Soup version 0.20.1-1-g8b1a95d66d (webtiles) character file.

74088 Toogi the Fighter (level 15, -3/140 HPs)
             Began as a Formicid Chaos Knight on Nov 17, 2017.
             Was the Champion of Ru.
             Slain by a manticore (13 damage)
             ... on level 1 of the Shoals on Nov 19, 2017.
             The game lasted 01:37:25 (30349 turns).

Toogi the Fighter (Formicid Chaos Knight)          Turns: 30349, Time: 01:37:29

Health: -3/140     AC: 23    Str: 21    XL:     15   Next: 92%
Magic:  24/24      EV: 15    Int: 16    God:    Ru [******]
Gold:   1106       SH: 15    Dex: 11    Spells: 14/14 levels left

rFire    + + .     SeeInvis +   a - +3 war axe (venom)
rCold    . . .     Gourm    .   k - +2 shield {reflect}
rNeg     . . .     Faith    .   O - +8 ring mail of Indemnity {rF+ Dex+2 Slay+3}
rPois    +         Spirit   .   (helmet unavailable)
rElec    .         Reflect  +   l - scarf {repulsion}
rCorr    .         Harm     .   Y - +1 pair of gloves {Dex+3}
MR       +....     Clarity  +   m - +2 pair of boots {run}
Stlth    ++........             S - +2 amulet of reflection
Regen    0.8/turn               t - ring of protection from fire
MPRegen  0.2/turn               q - +6 ring of intelligence

@: repel missiles, quick
A: permanent stasis, dig shafts and tunnels, four strong arms, antennae 3,
hooves 1, rugged brown scales 1, camouflage 1, blurry vision 1, clarity, clumsy
2, dopey 1, poison resistance, regeneration 1, robust 1, weak 1, wild magic 1,
no potion heal 1, hated by all, no air magic, no conjurations magic, no
transmutations magic, unskilled 1, inexperienced 1
a: Dig, Shaft Self, Draw Out Power, Power Leap, Apocalypse, Renounce Religion


You were on level 1 of the Shoals.
You worshipped Ru.
Ru was exalted by your worship.
You were near starving.

You visited 5 branches of the dungeon, and saw 26 of its levels.
You also visited: Labyrinth.

You collected 2417 gold pieces.
You spent 1311 gold pieces at shops.

Inventory:

Hand Weapons
 a - a +3 war axe of venom (weapon)
 J - a +0 battleaxe
Missiles
 x - 4 javelins (quivered)
 F - 135 bolts
 W - 2 throwing nets
Armour
 d - a +0 shield
 k - a +2 shield of reflection (worn)
 l - a scarf of repulsion (worn)
 m - a +2 pair of boots of running (worn)
 p - a +1 ring mail of cold resistance
 O - the +8 ring mail of Indemnity (worn) {rF+ Dex+2 Slay+3}
   (You found it in a labyrinth)

   It affects your dexterity (+2).
   It affects your accuracy and damage with ranged weapons and melee attacks
   (+3).
   It protects you from fire.
 Y - a +1 pair of gloves of dexterity (worn)
Jewellery
 q - a +6 ring of intelligence (right hand)
 t - a ring of protection from fire (left hand)
 S - a +2 amulet of reflection (around neck)
Wands
 s - a wand of acid (12/15)
 y - a wand of polymorph (3/24)
 z - a wand of flame (29/48)
 B - a wand of scattershot (0/9)
 D - a wand of flame (1/48)
 H - a wand of lightning (0/15)
 I - a wand of digging (8/24)
 Q - a wand of acid (0/15)
 T - a wand of clouds (4/9)
 V - a wand of lightning (8/15)
 Z - a wand of clouds (4/9)
Scrolls
 e - 4 scrolls of magic mapping
 f - 12 scrolls of remove curse
 i - a scroll of silence
 n - 7 scrolls of fear
 u - a scroll of identify
 M - a scroll of vulnerability
 R - 3 scrolls of enchant weapon
Potions
 g - 9 potions of curing
 h - a potion of haste {unknown}
 j - 2 potions of berserk rage {unknown}
 o - 6 potions of mutation
 v - a potion of resistance
 w - 7 potions of flight
 A - 3 potions of brilliance {unknown}
 E - a potion of ambrosia
 K - 3 potions of agility
 L - a potion of heal wounds
 U - 2 potions of lignification
 X - a potion of experience {unknown}
Miscellaneous
 P - a lamp of fire
Comestibles
 b - 6 royal jellies
 c - 13 bread rations
 r - 28 fruits
 C - 8 meat rations


   Skills:
 + Level 13.5 Fighting
 + Level 12.2 Axes
 + Level 13.1 Armour
 + Level 8.8 Dodging
 - Level 9.2 Shields
 + Level 12.7 Evocations


You had 14 spell levels left.
You didn't know any spells.

Dungeon Overview and Level Annotations

Branches:
Dungeon (15/15)            Temple (1/1) D:6            Lair (6/6) D:9
 Shoals (2/4) Lair:2       Spider (0/4) Lair:4        Slime (0/5) Lair:5
    Orc (2/2) D:11            Elf (0/3) Orc:2        Vaults (0/5) D:13
 Depths (0/5) D:15

Altars:
Ashenzari
Cheibriados
Dithmenos
Elyvilon
Fedhas
Gozag
Hepliaklqana
Kikubaaqudgha
Makhleb
Nemelex Xobeh
Okawaru
Qazlal
Ru
Sif Muna
Trog
Uskayaw
Vehumet
Xom
Yredelemnul
Zin
The Shining One
Beogh

Shops:
D:7 :(*}   D:9 *   D:13 [   D:15 *   Orc:2 (:[*

Annotations:
Lair:1 exclusion: 2 oklob plants
Lair:5 exclusion: 2 oklob plants


Innate Abilities, Weirdness & Mutations

You cannot be hasted, slowed, berserked, paralysed or teleported.
You can dig through walls and to a lower floor.
Your four strong arms can wield two-handed weapons with a shield.
You have a pair of large antennae on your head. (SInv)
Potions are less effective at restoring your health.
You are hated by all.
You cannot study or cast Air magic.
You cannot study or cast Conjurations magic.
You cannot study or cast Transmutations magic.
You are somewhat unskilled. (-1 Apt)
You are somewhat inexperienced. (-2 XL)
You have large cloven feet.
You are partially covered in rugged brown scales. (AC +1, +3% HP)
Your skin changes colour to match your surroundings (Stealth+).
Scrolls take you a little longer to read.
You possess an exceptional clarity of mind.
You are very clumsy. (Dex -4)
You are dopey. (Int -2)
Your system is resistant to poisons. (rPois)
Your natural rate of healing is unusually fast.
You are robust. (+10% HP)
You are weak. (Str -2)
Your spells are a little harder to cast, but a little more powerful.


Message History

You enter the shallow water.
Moving in this stuff is going to be slow.
You feel sick.
The cyclops throws a large rock.
You reflect the large rock off your +2 shield of reflection!
The large rock hits the cyclops!!
You hear a splash.
Found 25 gold pieces.
The merfolk throws a tomahawk.
You reflect the tomahawk off your +2 shield of reflection!
The tomahawk hits the merfolk!
There is a stone staircase leading up here.
The merfolk throws a tomahawk.
The tomahawk is repelled.
You hear a splash.
You climb upwards.
A manticore comes into view.
You feel sick.
You are no longer poisoned.
The manticore bites you!
You die...
Xom snickers!

≈≈≈≈≈≈≈≈≈≈≈≈≈≈≈≈≈≈≈≈≈≈≈≈≈≈≈≈≈≈
≈≈≈≈≈≈≈≈≈≈≈≈≈≈≈≈≈≈≈≈≈≈≈≈≈≈≈≈≈≈
≈≈≈≈≈≈≈≈≈≈≈≈≈≈≈≈≈≈≈≈≈≈≈≈≈≈≈≈≈≈ ≈
≈≈..≈≈≈≈≈≈≈≈≈≈≈≈.≈≈≈≈≈≈≈≈≈≈≈≈≈ ≈
≈.≈≈≈≈≈≈≈≈≈≈P)...≈≈≈≈≈≈≈≈≈≈≈≈≈ ≈≈
.≈≈≈≈≈≈≈≈≈P≈PPP..PPP≈P≈≈≈≈≈≈≈≈≈≈≈
..≈≈≈≈≈≈≈≈≈≈P##..PPPP≈≈≈≈≈≈≈≈≈≈≈≈
.≈≈≈≈≈≈≈≈≈≈≈.P##.P≈≈≈≈≈≈≈≈≈≈≈≈≈≈≈
≈≈≈≈≈≈≈≈≈≈.PP...@.P≈≈≈≈≈≈≈≈≈≈≈≈≈≈
...≈≈≈≈≈≈≈....##H.PP≈≈≈≈≈≈≈≈≈≈≈≈≈
...≈..≈≈≈≈≈≈≈..#PP≈≈≈≈≈≈≈≈≈≈≈.≈≈≈
....≈≈≈.≈≈≈≈...P.P≈≈≈≈≈≈≈≈≈≈≈≈≈≈≈
..##...≈≈≈≈≈>..P≈P≈≈≈P≈≈≈≈≈≈≈≈≈≈≈
..#...≈≈≈≈≈≈....≈≈...≈≈≈≈≈≈≈≈≈≈≈.
.....≈≈≈≈≈≈≈≈≈...≈...≈≈≈≈≈≈≈≈≈≈≈≈
?....≈≈.≈≈≈..≈≈.....≈≈≈≈≈≈≈≈≈≈.≈≈
.............≈≈.....≈≈≈≈≈≈≈≈≈≈.≈≈


You could see a manticore.

Vanquished Creatures
  Saint Roka (Orc:2)
  Donald (Shoals:1)
  5 dire elephants (Lair:6)
  A minotaur (Lab)
  Josephine (Shoals:1)
  A fire dragon (D:15)
  A merfolk impaler (Shoals:1)
  An ice dragon (D:15)
  A rakshasa (D:15)
  5 hydras
  A catoblepas (Lair:3)
  An anaconda (Lair:6)
  6 two-headed ogres
  4 centaur warriors
  A tengu warrior (D:15)
  2 orc high priests (Orc:2)
  Sonja (Lair:1)
  Nergalle (Orc:2)
  9 unseen horrors
  5 sea snakes
  3 orc knights
  2 deep elf magi
  2 oklob plants (Lair:5)
  3 orc sorcerers (Orc:2)
  A wolf spider (D:13)
  10 ugly things
  6 manticores
  9 elephants
  2 merfolk sirens (Shoals:1)
  5 black mambas
  Joseph (D:8)
  Maurice (D:12)
  A water nymph (Shoals:1)
  12 spiny frogs
  9 komodo dragons
  5 rime drakes
  A yaktaur (shapeshifter) (D:14)
  2 kobold demonologists (D:15)
  6 trolls
  A merfolk (Shoals:1)
  4 hornets
  14 slime creatures
  A wind drake (Shoals:1)
  5 blink frogs (Lair:3)
  5 snapping turtles
  5 hippogriffs
  Sigmund (D:6)
  61 yaks
  A shadow (D:14)
  2 redbacks (Lab)
  A water elemental (Shoals:1)
  A vampire (D:12)
  8 wraiths
  5 wyverns
  3 basilisks
  2 fire elementals (Lair:2)
  14 humans
  Eustachio (D:5)
  A steam dragon (D:11)
  2 hungry ghosts
  8 vampire mosquitoes
  Menkaure (D:4)
  6 swamp worms (Lair:1)
  Edmund (D:5)
  4 wargs
  2 acid dragons
  12 water moccasins
  3 porcupines
  8 sky beasts
  5 necrophages
  3 eyes of draining
  35 orc warriors
  3 black bears
  7 ice beasts
  2 phantoms
  9 ogres
  A boggart (D:9)
  16 centaurs
  16 wolves
  10 crocodiles
  Blork the orc (D:4)
  6 big kobolds
  21 bullfrogs
  A gnoll sergeant (Orc:2)
  4 scorpions
  10 killer bees
  25 wights
  2 howler monkeys (D:11)
  6 electric eels
  4 crimson imps
  4 bullfrog zombies
  6 centaur zombies
  2 quasits
  11 hounds
  3 lava snakes
  7 jellies
  19 orc priests
  3 bullfrog skeletons
  32 orc wizards
  A centaur skeleton (D:8)
  Natasha (D:2)
  2 iguanas
  9 worker ants
  2 hound skeletons
  A worker ant zombie (D:11)
  7 gnolls
  12 adders
  4 shadow imps
  An ooze (D:3)
  An adder zombie (D:7)
  An adder skeleton (D:9)
  13 worms
  6 leopard geckos
  82 orcs
  3 giant cockroaches
  9 goblins
  8 hobgoblins
  A hobgoblin (shapeshifter) (D:4)
  12 jackals
  6 quokkas
  4 ball pythons
  6 bats
  A jackal skeleton (D:5)
  31 kobolds
  A quokka skeleton (D:9)
  3 rats
  6 fungi
  8 plants
829 creatures vanquished.

Vanquished Creatures (collateral kills)
  An orc priest (D:4)
  A gnoll (D:4)
  A worm (D:4)
  A leopard gecko (D:4)
  An orc (D:4)
5 creatures vanquished.

Vanquished Creatures (others)
  A dire elephant (Lair:6)
  2 hydras (Lair:3)
  2 centaur warriors (D:15)
  A deep elf mage (D:13)
  An orc knight (Orc:2)
  An orc sorcerer (Orc:1)
  A cyclops (Orc:1)
  A manticore (Shoals:1)
  A black mamba (Lair:5)
  A gargoyle (D:13)
  A yak (Lair:3)
  2 vampire mosquitoes (D:15)
  A swamp worm (Lair:1)
  A wight (D:14)
  An orc wizard (Orc:1)
  A worker ant (D:12)
  An orc (D:8)
  8 fungi
  6 plants
34 creatures vanquished.

Grand Total: 868 creatures vanquished

Notes
Turn   | Place    | Note
-------+----------+-------------------------------------------
     0 | D:1      | Toogi the Formicid Chaos Knight began the quest for the Orb.
     0 | D:1      | Reached XP level 1. HP: 18/18 MP: 1/1
    27 | D:1      | Reached skill level 1 in Dodging
   109 | D:1      | XOM: silly message
   134 | D:1      | Reached XP level 2. HP: 23/24 MP: 2/2
   240 | D:1      | XOM: silly message
   449 | D:1      | XOM: fake destruction
   610 | D:1      | Reached skill level 1 in Shields
   636 | D:1      | XOM: god gift: 6 needles of sleeping
   893 | D:2      | XOM: smoke on damage
   996 | D:2      | Reached XP level 3. HP: 29/29 MP: 3/3
  1301 | D:2      | XOM: mild Hex miscast
  1385 | D:2      | Noticed Natasha
  1390 | D:2      | XOM: fog
  1401 | D:2      | XOM: blink monster(s)
  1414 | D:2      | Killed Natasha
  1414 | D:2      | Reached XP level 4. HP: 35/37 MP: 4/4
  1543 | D:2      | XOM: harmless Hex miscast
  1702 | D:3      | XOM: silly message
  2209 | D:3      | Reached XP level 5. HP: 42/42 MP: 5/5
  2380 | D:3      | XOM: scenery: 2 doors open, 1 doors close
  2589 | D:4      | XOM: cast spell 'Cause Fear'
  2662 | D:3      | XOM: god gift: wand of disintegration (?/24) {god gift}
  2710 | D:3      | XOM: summons 2 hostile demons
  2728 | D:4      | Noticed Menkaure
  2729 | D:4      | XOM: fog
  2890 | D:4      | XOM: swap monsters
  2925 | D:4      | Gained mutation: You are robust. (+10% HP) [mutagenic meat]
  2972 | D:4      | XOM: swap monsters
  2987 | D:4      | Killed Menkaure
  2987 | D:4      | Reached skill level 1 in Evocations
  2987 | D:4      | Reached XP level 6. HP: 53/53 MP: 6/6
  3072 | D:4      | XOM: stat loss: -1 Str (18/19)
  3171 | D:4      | XOM: noise
  3346 | D:4      | Found a shimmering altar of Xom.
  3488 | D:4      | XOM: summons friendly iron imp
  3494 | D:4      | Reached XP level 7. HP: 42/60 MP: 4/8
  3625 | D:4      | Noticed Blork the orc
  3634 | D:4      | Killed Blork the orc
  3634 | D:4      | Reached skill level 5 in Fighting
  4044 | D:5      | Entered Level 5 of the Dungeon
  4065 | D:5      | Noticed Eustachio
  4080 | D:5      | XOM: chaos upgrade
  4081 | D:5      | Killed Eustachio
  4110 | D:5      | XOM: god gift: 55 gold pieces
  4136 | D:5      | XOM: mild Tloc miscast
  4463 | D:5      | XOM: noise
  4471 | D:5      | XOM: cleaving
  4504 | D:5      | Reached XP level 8. HP: 65/69 MP: 8/10
  4704 | D:5      | XOM: give mutations
  4704 | D:5      | Gained mutation: You are dopey. (Int -2) [Xom's mischief]
  4704 | D:5      | Gained mutation: You occasionally shout uncontrollably at your foes. [Xom's mischief]
  4809 | D:6      | Noticed Edmund
  4813 | D:5      | XOM: swap monsters
  4819 | D:5      | Killed Edmund
  4819 | D:5      | Reached skill level 5 in Armour
  4831 | D:6      | Reached skill level 5 in Axes
  4841 | D:6      | Reached skill level 5 in Shields
  5120 | D:6      | Noticed Sigmund
  5126 | D:6      | XOM: swap monsters
  5136 | D:6      | Killed Sigmund
  5169 | D:6      | XOM: mild Tmut miscast
  5181 | D:6      | Found a staircase to the Ecumenical Temple.
  5191 | Temple   | Entered the Ecumenical Temple
  5313 | Temple   | Fell from the grace of Xom
  5313 | Temple   | Became a worshipper of Ru the Awakened
  5532 | D:6      | Reached XP level 9. HP: 59/75 MP: 8/12
  6491 | D:7      | Found Detim's Assorted Antiques.
  6519 | D:7      | Reached skill level 5 in Evocations
  6733 | D:7      | Found Vanagua's Gadget Shoppe.
  6743 | D:7      | XOM: stat loss: -2 Int (8/10)
  6758 | D:7      | Noticed a manticore
  6764 | D:7      | Killed a manticore
  6958 | D:7      | Gained mutation: You are hated by all. [Ru sacrifice]
  6958 | D:7      | Reached * piety under Ru
  7195 | D:7      | Found Bovuutz's Book Boutique.
  7220 | D:7      | Found Nuot's Antique Weapon Boutique.
  7223 | D:7      | Bought a runed war axe for 117 gold pieces
  7384 | D:7      | Reached XP level 10. HP: 65/86 MP: 10/14
  7762 | D:7      | XOM: give mutation
  7762 | D:7      | Gained mutation: Scrolls take you a little longer to read. [Xom's mischief]
  7906 | D:7      | Gained mutation: Your natural rate of healing is unusually fast. [mutagenic meat]
  7908 | D:7      | Gained mutation: You are clumsy. (Dex -2) [mutagenic meat]
  7910 | D:7      | Gained mutation: You are resistant to hostile enchantments. (MR+) [mutagenic meat]
  8005 | D:8      | Noticed Joseph
  8014 | D:8      | Killed Joseph
  8028 | D:8      | Noticed a two-headed ogre
  8042 | D:8      | HP: 4/88 [two-headed ogre/giant club (15)]
  8044 | D:8      | Killed a two-headed ogre
  8214 | D:8      | Noticed a six-headed hydra
  8323 | D:8      | Gained mutation: Your system is resistant to poisons. (rPois) [mutagenic meat]
  8372 | D:8      | Killed a six-headed hydra
  8372 | D:8      | Reached XP level 11. HP: 21/95 MP: 3/16
  8673 | D:8      | Noticed a two-headed ogre
  8744 | D:8      | Killed a two-headed ogre
  8770 | D:8      | XOM: summons 14 hostile demons
  9347 | D:9      | XOM: mild Conj miscast
  9417 | D:9      | Gained mutation: You cannot study or cast Air magic. [Ru sacrifice]
  9417 | D:9      | Gained mutation: You cannot study or cast Transmutations magic. [Ru sacrifice]
  9417 | D:9      | Gained mutation: You cannot study or cast Conjurations magic. [Ru sacrifice]
  9417 | D:9      | Reached ** piety under Ru
  9419 | D:9      | Noticed a two-headed ogre
  9438 | D:9      | Killed a two-headed ogre
  9488 | D:9      | Found Qexkeviu's Serpentskin Sales.
  9674 | D:9      | Noticed a manticore
  9688 | D:9      | Killed a manticore
  9886 | D:9      | Found a staircase to the Lair.
 10004 | D:9      | XOM: mild Erth miscast
 10037 | D:9      | XOM: mild Tloc miscast
 10043 | D:9      | Reached XP level 12. HP: 92/101 MP: 16/18
 10340 | D:9      | XOM: enchant monster (bad)
 10532 | D:9      | XOM: mild Summ miscast
 10565 | D:10     | Entered Level 10 of the Dungeon
 10625 | D:10     | Reached skill level 10 in Shields
 10678 | D:10     | XOM: medium Erth miscast
 10827 | D:10     | Noticed an unseen horror
 10835 | D:10     | Killed an unseen horror
 10926 | D:10     | Reached skill level 10 in Fighting
 10999 | D:10     | Gained mutation: You are somewhat unskilled. (-1 Apt) [Ru sacrifice]
 10999 | D:10     | Reached *** piety under Ru
 10999 | D:10     | Reached **** piety under Ru
 11109 | D:10     | Reached skill level 1 in Dodging
 11163 | D:10     | XOM: medium Fire miscast
 11216 | D:10     | Noticed a two-headed ogre
 11230 | D:10     | Killed a two-headed ogre
 11367 | D:10     | XOM: mild Summ miscast
 11580 | D:11     | Found a labyrinth entrance.
 11589 | Lab      | Entered a labyrinth
 11741 | Lab      | XOM: noise
 11900 | Lab      | XOM: mild Air miscast
 11944 | Lab      | XOM: mild Summ miscast
 12221 | Lab      | XOM: medium Hex miscast
 12828 | Lab      | XOM: noise
 12856 | Lab      | XOM: noise
 13516 | Lab      | XOM: mild Conj miscast
 13536 | Lab      | XOM: divination: magic mapping
 13913 | Lab      | Noticed a minotaur
 13916 | Lab      | Killed a minotaur
 13928 | Lab      | Got a smoking ring mail
 13945 | D:11     | Identified the +8 ring mail of Indemnity {rF+ Dex+2 Slay+3} (You found it in a labyrinth)
 14030 | D:11     | Found a staircase to the Orcish Mines.
 14141 | D:11     | Noticed an unseen horror
 14154 | D:11     | Killed an unseen horror
 14916 | D:12     | Noticed Maurice
 14944 | D:12     | Killed Maurice
 14991 | D:12     | Reached XP level 13. HP: 91/109 MP: 16/19
 15268 | D:12     | Reached skill level 10 in Fighting
 15415 | D:12     | You fall through a shaft for 2 floors!
 15553 | D:13     | Found Ziodgh's Armour Shoppe.
 15598 | D:13     | XOM: noise
 15624 | D:13     | Noticed a centaur warrior
 15631 | D:13     | Killed a centaur warrior
 15665 | D:13     | XOM: mild Tloc miscast
 15665 | D:13     | Was forgiven by Xom
 15877 | D:13     | Identified the Reference Book on Shifting Snow
 15977 | D:13     | Found a gate to the Vaults.
 15988 | D:13     | Gained mutation: Potions are less effective at restoring your health. [Ru sacrifice]
 15988 | D:13     | Reached ***** piety under Ru
 16119 | D:13     | Reached skill level 10 in Armour
 16632 | Lair:1   | Entered Level 1 of the Lair of Beasts
 16656 | Lair:1   | Noticed Sonja
 16665 | Lair:1   | Killed Sonja
 16811 | Lair:1   | Reached skill level 10 in Evocations
 18120 | Lair:2   | Reached XP level 14. HP: 108/118 MP: 21/21
 18275 | Lair:2   | Reached skill level 10 in Axes
 18669 | Lair:2   | Found a staircase to the Shoals.
 18962 | Lair:3   | Reached skill level 5 in Dodging
 20027 | Lair:4   | Found a hole to the Spider Nest.
 21700 | Lair:5   | Found a staircase to the Slime Pits.
 22270 | Lair:6   | Entered Level 6 of the Lair of Beasts
 22507 | Lair:6   | Reached XP level 15. HP: 115/128 MP: 23/23
 22704 | Lair:6   | Gained mutation: You are somewhat inexperienced. (-2 XL) [Ru sacrifice]
 22704 | Lair:6   | Reached XP level 14. HP: 122/122 MP: 22/22
 22704 | Lair:6   | Reached XP level 13. HP: 114/114 MP: 21/21
 22704 | Lair:6   | Reached ****** piety under Ru
 22869 | Lair:6   | Noticed an anaconda
 22879 | Lair:6   | Killed an anaconda
 22890 | Lair:6   | Noticed a dire elephant
 22902 | Lair:6   | Killed a dire elephant
 23043 | Lair:6   | Noticed a dire elephant
 23043 | Lair:6   | Noticed a dire elephant
 23051 | Lair:6   | Killed a dire elephant
 23054 | Lair:6   | Killed a dire elephant
 23153 | Lair:6   | Noticed a dire elephant
 23168 | Lair:6   | Killed a dire elephant
 23362 | Lair:6   | Noticed a dire elephant
 23373 | Lair:6   | Killed a dire elephant
 23727 | Lair:6   | Noticed a dire elephant
 23740 | Lair:6   | Killed a dire elephant
 23759 | Lair:6   | Noticed a four-headed hydra
 23766 | Lair:6   | Killed a four-headed hydra
 24438 | D:13     | Gained mutation: You are weak. (Str -2) [mutagenic meat]
 24439 | D:13     | Gained mutation: You are partially covered in rugged brown scales. (AC +1, +3% HP) [mutagenic meat]
 25014 | D:13     | Noticed a centaur warrior
 25020 | D:13     | Reached XP level 14. HP: 97/127 MP: 22/22
 25701 | D:14     | Gained mutation: You are very clumsy. (Dex -4) [mutagenic meat]
 25702 | D:14     | Lost mutation: You are very clumsy. (Dex -4) [mutagenic meat]
 25703 | D:14     | Lost mutation: You occasionally shout uncontrollably at your foes. [mutagenic meat]
 25704 | D:14     | Gained mutation: You are very clumsy. (Dex -4) [mutagenic meat]
 25812 | D:14     | Found a glowing golden altar of the Shining One.
 25824 | D:14     | Gained mutation: You have large cloven feet. [mutagenic meat]
 25825 | D:14     | Gained mutation: You possess an exceptional clarity of mind. [mutagenic meat]
 25826 | D:14     | Lost mutation: You are resistant to hostile enchantments. (MR+) [mutagenic meat]
 25827 | D:14     | Gained mutation: Your spells are a little harder to cast, but a little more powerful. [mutagenic meat]
 25828 | D:14     | Gained mutation: Your skin changes colour to match your surroundings (Stealth+). [mutagenic meat]
 26242 | D:14     | Got a garnet-encrusted ring mail
 26254 | D:14     | Identified the +1 ring mail of Wirodas {rPois} (You found it on level 14 of the Dungeon)
 26307 | D:15     | Entered Level 15 of the Dungeon
 26544 | D:15     | Found an iron altar of Okawaru.
 26893 | D:15     | Found a staircase to the Depths.
 27116 | D:15     | Reached XP level 15. HP: 131/138 MP: 24/24
 27218 | D:15     | Found Nyunij's Assorted Antiques.
 27226 | D:15     | Bought an ichor-stained plate armour for 700 gold pieces
 27240 | D:15     | Identified the +3 plate armour of Bunwas {Int+4} (You bought it in a shop on level 15 of the Dungeon)
 27297 | D:15     | Found a deep blue altar of Sif Muna.
 27551 | Orc:1    | Entered Level 1 of the Orcish Mines
 27985 | Orc:2    | Entered Level 2 of the Orcish Mines
 28018 | Orc:2    | Found a staircase to the Elven Halls.
 28042 | Orc:2    | Noticed Nergalle
 28044 | Orc:2    | Found a roughly hewn altar of Beogh.
 28049 | Orc:2    | Killed Nergalle
 28050 | Orc:2    | Noticed Saint Roka
 28990 | Orc:2    | Killed Saint Roka
 29072 | Orc:2    | Found Xogext's Antique Weapon Boutique.
 29089 | Orc:2    | Found Xupsie's Antique Armour Boutique.
 29139 | Orc:2    | Found Xonnuwot's Book Boutique.
 29155 | Orc:2    | Found Eti Ysae's General Store.
 29200 | Orc:2    | Bought a pair of embroidered boots for 247 gold pieces
 29200 | Orc:2    | Bought a pair of glowing gloves for 247 gold pieces
 29210 | Orc:2    | Identified a +2 pair of boots of running (You bought it in a shop on level 2 of the Orcish Mines)
 29644 | Shoals:1 | Entered Level 1 of the Shoals
 29676 | Shoals:1 | Noticed Donald
 29696 | Shoals:1 | Killed Donald
 29825 | Shoals:1 | Noticed Josephine
 29838 | Shoals:1 | Killed Josephine
 30337 | Shoals:1 | HP: 5/140 [alligator snapping turtle (30)]
 30340 | Shoals:1 | You fall through a shaft!
 30342 | Shoals:2 | HP: 6/140 [poisoned by a merfolk impaler]
 30349 | Shoals:1 | Slain by a manticore

Skill      XL: |  1  2  3  4  5  6  7  8  9 10 11 12 13 14 15 |
---------------+----------------------------------------------+-----
Dodging        | 1 3 7 8 |  8.8
Shields        | 1 2 3 4 5 6 8 9 9 |  9.2
Armour         | 3 4 5 6 8 9 9 12 11 13 | 13.1
Fighting       | 4 5 6 7 8 9 9 10 13 | 13.5
Axes           | 4 5 6 7 8 9 11 10 12 | 12.2
Evocations     | 1 3 4 6 7 8 9 10 12 | 12.7

Action                   |  1- 3 |  4- 6 |  7- 9 | 10-12 | 13-15 || total
-------------------------+-------+-------+-------+-------+-------++-------
Melee: Hand axe          |   136 |   159 |   281 |       |       ||   576
       War axe           |       |       |     6 |   649 |  1548 ||  2203
Invok: Sacrifice Love    |       |       |     1 |       |       ||     1
       Sacrifice Arcana  |       |       |       |     1 |       ||     1
       Sacrifice Skill   |       |       |       |     1 |       ||     1
       Apocalypse        |       |       |       |       |     3 ||     3
       Sacrifice Purity  |       |       |       |       |     1 ||     1
       Sacrifice Experie |       |       |       |       |     1 ||     1
       Reject Sacrifices |       |       |       |       |     1 ||     1
 Abil: Shaft Self        |       |       |       |       |     1 ||     1
Evoke: Wand              |       |       |     5 |    16 |    77 ||    98
       Lamp of fire      |       |       |       |       |     3 ||     3
  Use: Scroll            |       |     6 |     9 |     7 |    14 ||    36
       Potion            |       |     2 |     2 |     4 |     3 ||    11
 Stab: Petrified         |       |     8 |       |       |     3 ||    11
       Confused          |       |     2 |       |       |       ||     2
       Paralysed         |       |     2 |       |       |    18 ||    20
       Invisible         |       |       |       |     2 |    12 ||    14
       Distracted        |       |       |       |     2 |     7 ||     9
  Eat: Chunk             |     2 |     7 |    12 |    26 |    56 ||   103
       Fruit             |       |       |       |    14 |     6 ||    20
Armor: Leather armour    |    22 |       |       |       |       ||    22
       Plate armour      |    71 |    10 |       |       |     4 ||    85
       Ring mail         |       |    77 |    96 |   221 |   563 ||   957
Dodge: Dodged            |    40 |    56 |   113 |   327 |   748 ||  1284
       Deflected         |       |       |       |     5 |    35 ||    40
Block: Shield            |    42 |    58 |    44 |   243 |    86 ||   473
       Buckler           |       |       |    51 |    79 |   615 ||   745
       Reflection        |       |       |       |       |    25 ||    25
